 Dungeon Crawl Stone Soup version 0.31-a0-1570-g93c622d222 (webtiles) character file.

Game seed: 14278898434626142038

887 innerfire43 the Changeling (level 7, -1/48 HPs)
             Began as a Demonspawn Wanderer on Jan 3, 2024.
             Slain by an ogre
             ... wielding a +0 giant club
              (26 damage)
             ... on level 5 of the Dungeon.
             The game lasted 00:05:23 (4317 turns).

innerfire43 the Changeling (Demonspawn Wanderer)    Turns: 4317, Time: 00:05:24

Health: -1/48      AC:  6    Str: 16    XL:     7   Next: 77%
Magic:  7/7        EV:  9    Int: 11    God:
Gold:   213        SH:  0    Dex: 14    Spells: 6/6 levels left

rFire   . . .        a - +0 spear
rCold   . . .        (no shield)
rNeg    . . .        c - +0 scale mail
rPois   .            l - melded +1 helmet
rElec   .            (cloak currently unavailable)
rCorr   .            (gloves currently unavailable)
SInv    .            (boots currently unavailable)
Will    .....        (no amulet)
Stlth   +            j - ring of wizardry
HPRegen 0.28/turn    (no ring)
MPRegen 0.10/turn

%: wizardry (x1)
@: beast-form
A: beast (slay +3), claws 1, thin skeletal structure 1, spiny 2
a: Begin Untransformation


You were on level 5 of the Dungeon.
You were a hulking beast.
You visited 1 branch of the dungeon, and saw 5 of its levels.

You collected 213 gold pieces.

Inventory:

Hand Weapons
 a - a +0 spear (weapon)
Armour
 c - a +0 scale mail (worn)
 l - a +1 helmet (melded)
Jewellery
 j - a ring of wizardry (left claw)
 x - a ring of ice
Talismans
 f - a beast talisman (active)
Wands
 y - a wand of digging (5)
Scrolls
 d - 2 scrolls of amnesia {unknown}
 e - 2 scrolls of fear
 i - a scroll of butterflies {unknown}
 m - a scroll of noise {unknown}
 n - 3 scrolls of identify {unknown}
 p - 2 scrolls of teleportation {unknown}
 q - a scroll of poison {unknown}
 t - a scroll of enchant weapon {unknown}
 w - 2 scrolls of immolation {unknown}
Potions
 g - 2 potions of attraction {unknown}
 h - 2 potions of might {unknown}
 k - a potion of enlightenment {unknown}
 o - 2 potions of cancellation {unknown}
 r - 3 potions of degeneration {unknown}
 s - a potion of haste {unknown}
 u - a potion of magic {unknown}
 v - 3 potions of brilliance {unknown}
 z - 2 potions of lignification {unknown}
Miscellaneous
 b - a phantom mirror (quivered)


   Skills:
 - Level 1.1 Fighting
 + Level 5.4 Polearms
 - Level 1.0 Armour
 - Level 1.0 Stealth
 - Level 4.0 Evocations
 * Level 5.8 Shapeshifting


You had 6 spell levels left.
You didn't know any spells.
Your spell library was empty.

Dungeon Overview and Level Annotations

Branches:
Dungeon (5/15)
 Temple: D:4-7

Altars:
Hepliaklqana


Innate Abilities, Weirdness & Mutations

You are a hulking beast.
Your limbs bulge with bestial killing power. (Slay +3)
You have sharp fingernails.
You have a somewhat thin skeletal structure. (Dex +2, Stealth+)
You are mostly covered in sharp spines.


Message History

The adder is struck by your spines. The adder bites you but does no damage.
You shake off some of the fire as you move.
The liquid fire burns you! The adder is struck by your spines.
You kill the adder!
You see here a bombardier beetle corpse.
You shake off some of the fire as you move.
The liquid fire burns you!
You shake off the liquid fire.
z - 2 murky red potions An ogre comes into view.
It is wielding a +0 giant club.
An ogre is nearby!
Found a leather armour.
An ogre is nearby!
You reach to attack!
You hit the ogre.
The ogre is lightly wounded.
An ogre is nearby!
You puncture the ogre!
The ogre is heavily wounded.
You hit the ogre.
The ogre is heavily wounded.
The ogre hits you with a +0 giant club!
An ogre is nearby!
You completely miss the ogre.
The ogre is heavily wounded.
The ogre hits you with a +0 giant club!
An ogre is nearby!
You are too injured to fight recklessly!
You are too injured to fight recklessly!
An ogre is nearby!
You are too injured to fight recklessly!
An ogre is nearby!
You are too injured to fight recklessly!
You hit the ogre.
The ogre is severely wounded.
You hit the ogre.
The ogre is almost dead.
The ogre hits you with a +0 giant club!!
Ouch! That really hurt!
You die...

#...#.#.#.#.
#....#.#.#..
+.....#.#...
#...........
#.......#..........[
#.......#...........
#.......#....$......
#.......#...hO......
#.....##...##......
#.....##†..# ...##
.##.....##...## ..#
..............# ...
..............# ..
........##...## .
######.....##...#
....##.....†.†..#


You could see an ogre.

Vanquished Creatures
  Grinder (D:3)
  An ogre (D:4)
  A bullfrog (D:3)
  2 scorpions
  3 bombardier beetles
  A jelly (D:3)
  2 hounds (D:4)
  A sleepcap (D:4)
  An iguana (D:4)
  7 adders
  2 white imps (D:4)
  3 ufetubi (D:4)
  3 dart slugs
  A ribbon worm (D:1)
  7 orcs
  8 bats
  2 endoplasms
  2 giant cockroaches
  4 goblins
  5 hobgoblins
  5 quokkas
  4 frilled lizards
  6 kobolds
  3 rats
75 creatures vanquished.

Notes
Turn   | Place    | Note
-------+----------+-------------------------------------------
     0 | D:1      | innerfire43 the Demonspawn Wanderer began the quest for the
                  | Orb.
     0 | D:1      | innerfire43 set off with the following items: a +0 spear, a
                  | phantom mirror, a +0 scale mail, a potion of curing.
     0 | D:1      | Reached XP level 1. HP: 15/15 MP: 1/1
   214 | D:1      | Gained mutation: You are partially covered in sharp spines.
                  | [demonic ancestry]
   214 | D:1      | Reached XP level 2. HP: 21/21 MP: 2/2
   276 | D:1      | Reached skill level 1 in Shapeshifting
   777 | D:1      | Found a faded altar of an unknown god.
   777 | D:1      | Noticed an Executioner
  1067 | D:2      | Gained mutation: You are mostly covered in sharp spines.
                  | [demonic ancestry]
  1067 | D:2      | Reached XP level 3. HP: 23/26 MP: 3/3
  1895 | D:3      | Reached XP level 4. HP: 29/32 MP: 4/4
  1933 | D:3      | Found a hazy altar of Hepliaklqana.
  2062 | D:3      | Noticed a bullfrog
  2066 | D:3      | Killed a bullfrog
  2067 | D:3      | Gained mutation: You have sharp fingernails. [demonic
                  | ancestry]
  2067 | D:3      | Reached XP level 5. HP: 25/37 MP: 5/5
  2471 | D:3      | Noticed Grinder
  2476 | D:3      | Paralysed by Grinder for 4 turns
  2491 | D:3      | Paralysed by Grinder for 5 turns
  2500 | D:3      | Killed Grinder
  2501 | D:3      | Reached XP level 6. HP: 23/43 MP: 6/6
  3119 | D:4      | Gained mutation: You have a somewhat thin skeletal
                  | structure. (Dex +2, Stealth+) [demonic ancestry]
  3119 | D:4      | Reached XP level 7. HP: 20/48 MP: 7/7
  3262 | D:4      | Reached skill level 5 in Shapeshifting
  3275 | D:4      | Reached skill level 5 in Polearms
  4093 | D:5      | Entered Level 5 of the Dungeon
  4317 | D:5      | Slain by an ogre

Illustrated notes

Levels and vault maps discovered:
D:1:      minmay_arrival_radiant_lines, layout_basic,
          dreamdust_ecumenical_altar_sealed_demon, minmay_hedge_maze,
          nicolae_wormholes
D:2:      layout_basic, hex_intersection
D:3:      layout_loops_corners, mainiacjoe_overflow_paths, uniq_grinder
D:4:      layout_gridville, serial_demonic, serial_demonic_f, serial_demonic_e,
          serial_demonic_b, serial_demonic_f
D:5:      layout_gridville, minmay_temple_entry_grid, minmay_misc_feat_tiny

Skill      XL: |  1  2  3  4  5  6  7 |
---------------+----------------------+-----
Shapeshifting  | 1 2 3 4 5 |  5.8
Polearms       | 3 4 5 |  5.4
Fighting       | |  1.1
Armour         | |  1.0
Stealth        | |  1.0
Evocations     | |  4.0

Action                     |  1- 3 |  4- 6 |  7- 9 || total
---------------------------+-------+-------+-------++-------
  Melee: Spear             |    97 |    95 |    69 ||   261
         Punch             |       |     1 |     2 ||     3
    Use: Scroll            |     1 |       |       ||     1
         Potion            |       |     1 |       ||     1
   Stab: Sleeping          |       |       |     2 ||     2
 Armour: Scale mail        |    49 |    35 |    21 ||   105
  Dodge: Dodged            |    26 |    23 |    12 ||    61
   Form: Beast             |       |     1 |       ||     1

Table legend: (Time is in decaauts)
 A = Elapsed time spent in this place.
 B = Non-inter-level travel time spent in this place.
 C = Inter-level travel time spent in this place.
 D = Time resting spent in this place.
 E = Time spent auto-exploring this place.
 F = Levels seen in this place.
 G = Mean time per level.
                   A        B        C        D        E       F      G
               +--------+--------+--------+--------+--------+-----+--------+
         Total |   4290 |   4290 |      0 |      0 |   3443 |   5 |  858.0 |
       Dungeon |   4290 |   4290 |      0 |      0 |   3443 |   5 |  858.0 |
               +--------+--------+--------+--------+--------+-----+--------+

Top non-repeatable levels by time:
     D:4: 1188 daAuts
     D:3: 1071 daAuts
     D:1: 1045 daAuts
     D:2: 766 daAuts
     D:5: 219 daAuts
